 Dungeon Crawl Stone Soup version 0.17-a0-744-gaa96792 (webtiles) character file.

112 barthelme the Skirmisher (level 4, -4/29 HPs)
             Began as a Gargoyle Berserker on Apr 21, 2015.
             Was a Believer of Trog.
             Slain by kroki's ghost (6 damage)
             ... on level 3 of the Dungeon.
             The game lasted 00:11:19 (2002 turns).

barthelme the Skirmisher (Gargoyle Berserker)       Turns: 2002, Time: 00:11:19

Health: -4/29      AC:  8    Str: 21    XL:     4   Next: 95%
Magic:  4/4        EV: 12    Int:  8    God:    Trog [**....]
Gold:   149        SH:  0    Dex:  9    Spells: 0 memorised, 3 levels left

rFire  . . .     SeeInvis .     a - +0 hand axe
rCold  . . .     Clarity  .     b - +0 animal skin
rNeg   + . .     SustAb   .     (no shield)
rPois  ∞         Gourm    .     (no helmet)
rElec  +         Spirit   .     n - +0 cloak
rCorr  .         Warding  .     (no gloves)
rMut   .         Stasis   .     d - +1 pair of boots
MR     .....                    (no amulet)
Stlth  +.........               (no ring)
                                (no ring)

@: exhausted, slowed, very slow, not resistant to hostile enchantments, very
unstealthy
A: negative energy resistance 1, electricity resistance, unbreathing,
petrification resistance, rot immunity, AC +3
a: Burn Spellbooks, Berserk, Trog's Hand, Renounce Religion


You were on level 3 of the Dungeon.
You worshipped Trog.
Trog was pleased with you.
You were not hungry.

You visited 1 branch of the dungeon, and saw 3 of its levels.

You collected 149 gold pieces.

Inventory:

Hand weapons
 a - a +0 hand axe (weapon)
Armour
 b - a +0 animal skin (worn)
 d - a +1 pair of boots (worn)
 n - a +0 cloak (worn)
Jewellery
 l - an uncursed amulet of stasis
Magical devices
 s - a wand of polymorph (10)
Potions
 e - a potion of heal wounds {unknown}
 f - 2 potions of invisibility {unknown}
 g - a potion of resistance
 h - 3 potions of curing
 i - a potion of ambrosia {unknown}
 j - a potion of might {unknown}
 o - a potion of degeneration {unknown}
 q - 2 potions of mutation {unknown}
Comestibles
 c - 2 bread rations
 k - 2 meat rations
 m - a slice of pizza
 r - a beef jerky
 t - a chunk of flesh


   Skills:
 + Level 4.0 Fighting
 + Level 3.7 Axes
 - Level 2.1 Armour
 + Level 2.7 Dodging
 - Level 0.5 Stealth


You had 3 spell levels left.
You didn't know any spells.

Dungeon Overview and Level Annotations

Branches:
Dungeon (3/15)

Altars:
Ru
Zin

Annotations:
D:3 kroki's ghost, average TrAE


Innate Abilities, Weirdness & Mutations

You are resistant to torment.
Your stone body is resilient (AC +3).
You are immune to poison.
You resist negative energy.
You are resistant to electric shocks.
You can survive without breathing.
You are immune to petrification.
You are immune to rotting.


Message History

Kroki's ghost closely misses you.
You hit kroki's ghost.
Kroki's ghost is severely damaged.
You barely miss kroki's ghost.
Kroki's ghost is severely damaged.
Kroki's ghost hits you!
* * * LOW HITPOINT WARNING * * *
You are too injured to fight recklessly!
You are too injured to fight recklessly!
You feel a strong urge to attack something.
You are no longer berserk.
You are exhausted.
You feel yourself slow down.
As you read the scroll labeled LAUSOQ ROIQ, it crumbles to dust.
You feel forgetful for a moment.
It was a scroll of amnesia.
Kroki's ghost closely misses you.
Kroki's ghost whispers, "Death is liberation."
Kroki's ghost hits you but does no damage.
Kroki's ghost hits you.
You die...

######### .....)...#
..........############
..........)...!........
............##.#.#######
...###...#....#...
...#...@W..#.###..# ###
#####.#.#.#.#.#.# ..#.....
...........<...#.# .#..[..
####.<..#######.# ..#.....
#######.............#.....
....................>......
##
#######)######............
.#.
####......##########.....
...
..........................


You could see kroki's ghost.

Vanquished Creatures
  4 adders
  4 oozes
  A worm (D:2)
  2 giant geckos
  An orc (D:3)
  7 bats
  5 hobgoblins
  5 jackals
  2 ball pythons
  2 giant cockroaches
  2 giant newts
  8 goblins
  7 kobolds
  7 rats
57 creatures vanquished.

Notes
Turn   | Place    | Note
--------------------------------------------------------------
     0 | D:1      | barthelme, the Gargoyle Berserker, began the quest for the Orb.
     0 | D:1      | Reached XP level 1. HP: 14/14 MP: 1/1
    55 | D:1      | Reached XP level 2. HP: 14/19 MP: 2/2
   558 | D:1      | Acquired Trog's second power
   699 | D:2      | Reached XP level 3. HP: 12/24 MP: 3/3
   733 | D:2      | Found a sacrificial altar of Ru.
   988 | D:2      | Reached XP level 4. HP: 24/29 MP: 4/4
  1436 | D:3      | Found a sacrificial altar of Ru.
  1438 | D:3      | Found a glowing silver altar of Zin.
  1539 | D:3      | Noticed kroki's ghost (average TrAE)
  1550 | D:3      | Reached skill level 4 in Fighting
  2002 | D:3      | Slain by kroki's ghost

Action                   |  1- 3 |  4- 6 || total
-------------------------+-------+-------++-------
Melee: Hand axe          |   109 |    78 ||   187
Invok: Berserk           |     1 |     2 ||     3
  Use: Scroll            |     3 |     5 ||     8
 Stab: Invisible         |     1 |       ||     1
       Paralysed         |     1 |       ||     1
  Eat: Chunk             |     1 |     2 ||     3
       Meat ration       |       |     1 ||     1
